 Dungeon Crawl Stone Soup version 0.31-a0-473-g61b50ae490 (webtiles) character file.

Game seed: 7253919887985020717

535948 rabbitsville the Victor of a Thousand Battles (level 25, -29/196 HPs)
             Began as a Hill Orc Fighter on Aug 4, 2023.
             Was the Champion of Okawaru.
             Annihilated by an Orb Guardian (32 damage)
             ... on level 5 of the Realm of Zot on Aug 6, 2023.
             The game lasted 02:56:56 (40854 turns).

rabbitsville (HOFi)                                Turns: 40854, Time: 02:56:57

Health: -29/196    AC: 51    Str: 45      XL:     25   Next: 81%
Magic:  0/40       EV:  7    Int:  1      God:    Okawaru [******]
Gold:   3727       SH: 23    Dex:  9 (10) Spells: 24/24 levels left

rFire   + + .        y - +16 obsidian axe {drain, demonic, Mesm Drain Fly SInv}
rCold   + + .        c - +2 kite shield {AC+3}
rNeg    + . .        d - +12 gold dragon scales
rPois   +            G - +2 hat of the Bear Spirit {Spirit, Bear, *Rage Will++}
rElec   +            o - scarf of Calculation {repulsion, Str+6}
rCorr   +            a - +2 pair of gloves of Spring {rF+ Regen+}
SInv    +            k - +2 pair of boots
Will    ++++.        r - amulet "Zoiblebe" {Reflect Str+2 SH+5} Stlth
                     m - ring of Optimism {Fly rPois rCorr Str+6 Int-5}
HPRegen 1.32/turn    D - ring of the Curupira {rElec rC+ rN+ Will+ Str+2}
MPRegen 0.27/turn

%: random rage (23%), repel missiles, reflection, guardian spirit
@: lethally poisoned (-29 -> -29), about to teleport, heroic, on berserk
cooldown, flying, mesmerised, slowed, constricted, unable to drink, very slow
A: berserk 1, dopey 1, frail 2, weak 1, no potion heal 1, inability to drink
after injury 1
}: 3/15 runes: decaying, serpentine, silver
a: Renounce Religion, Heroism, Finesse, Duel


You were on level 5 of the Realm of Zot.
You worshipped Okawaru.
Okawaru was exalted by your worship.
You visited 9 branches of the dungeon, and saw 45 of its levels.
You also visited: Trove.

You collected 5849 gold pieces.
You spent 2122 gold pieces at shops.

Inventory:

Hand Weapons
 y - the +16 obsidian axe (weapon) {drain, demonic, Mesm Drain Fly SInv}
   (You found it on level 5 of the Dungeon)

   Mesm:      Its wielder is mesmerised by any visible foes, and it cannot be
   unequipped while any foes are visible.
   SInv:      It lets you see invisible.
   Fly:       It grants you flight.
   Drain:     It drains your maximum health when unequipped.
 T - the +8 broad axe of Blood {drain, rPois Will+}
   (Okawaru gifted it to you on level 3 of the Lair of Beasts)

   rPois:     It protects you from poison.
   Will:      It increases your willpower.
Missiles
 S - 5 darts of dispersal
 W - 14 javelins
 Y - 4 silver javelins (quivered)
Armour
 a - the +2 pair of gloves of Spring (worn) {rF+ Regen+}
   (Okawaru gifted it to you on level 11 of the Dungeon)

   rF:        It protects you from fire.
   Regen:     It increases your rate of health regeneration.
 c - a +2 kite shield of protection (worn)
 d - +12 gold dragon scales (worn)
 k - a +2 pair of boots (worn)
 o - the scarf of Calculation (worn) {repulsion, Str+6}
   (You bought it in a shop on level 2 of the Orcish Mines)

   Str:       It affects your strength (+6).
 G - the +2 hat of the Bear Spirit (worn) {Spirit, Bear, *Rage Will++}
   (You bought it in a shop on level 4 of the Snake Pit)

   Bear:      Going berserk makes the wearer exceptionally tough, and they are
   slowed for a shorter time afterward.
   *Rage:     It berserks you when you make melee attacks (+20% chance).
   Will:      It greatly increases your willpower.
 R - a +10 plate armour of ponderousness
Jewellery
 b - a ring of see invisible
 m - the ring of Optimism (left hand) {Fly rPois rCorr Str+6 Int-5}
   (You found it on level 12 of the Dungeon)

   [ring of strength]

   Str:       It affects your strength (+6).
   Int:       It affects your intelligence (-5).
   rPois:     It protects you from poison.
   Fly:       It grants you flight.
   rCorr:     It protects you from acid and corrosion.
 r - the amulet "Zoiblebe" (around neck) {Reflect Str+2 SH+5}
   (You found it in a treasure trove)

   [amulet of reflection]

   It reflects blocked missile attacks.
   Str:       It affects your strength (+2).
   SH:        It affects your SH (+5).
 s - a +4 ring of protection
 u - the ring "Amnuquuf" {rF+ Str+3 Dex+6}
   (You found it in a treasure trove)

   [ring of protection from fire]

   Str:       It affects your strength (+3).
   Dex:       It affects your dexterity (+6).
   rF:        It protects you from fire.
 z - a +4 ring of slaying
 D - the ring of the Curupira (right hand) {rElec rC+ rN+ Will+ Str+2}
   (You found it in a treasure trove)

   [ring of protection from cold]

   Str:       It affects your strength (+2).
   rC:        It protects you from cold.
   rElec:     It insulates you from electricity.
   rN:        It protects you from negative energy.
   Will:      It increases your willpower.
 I - a ring of the Octopus King {rN+ HP+2 AC+2 EV+2 SH+2}
   (You took it off a frost giant on level 5 of the Vaults)

   [ring of positive energy]

   AC:        It affects your AC (+2).
   EV:        It affects your evasion (+2).
   rN:        It protects you from negative energy.
   HP:        It affects your health (+2).
   SH:        It affects your SH (+2).
 M - a ring of ice
 U - the amulet of Istre {Faith Rampage *Slow rElec Str+2}
   (You found it in a treasure trove)

   [amulet of faith]

   It allows you to gain divine favour quickly.
   Str:       It affects your strength (+2).
   rElec:     It insulates you from electricity.
   *Slow:     It may slow you when you take damage.
   Rampage:   It bestows one free step when moving towards enemies.
 V - the ring of Isuuc {Fly rElec Str+2 Slay+3}
   (You found it in a treasure trove)

   [ring of flight]

   Str:       It affects your strength (+2).
   Slay:      It affects your accuracy & damage with ranged weapons and melee
   (+3).
   rElec:     It insulates you from electricity.
   Fly:       It grants you flight.
Wands
 t - a wand of flame (19)
 w - a wand of iceblast (43)
 L - a wand of polymorph (39)
 N - a wand of quicksilver (42)
 Q - a wand of mindburst (28)
 Z - a wand of digging (23)
Scrolls
 e - 4 scrolls of fear
 f - 10 scrolls of vulnerability
 h - 8 scrolls of teleportation
 j - 2 scrolls of enchant weapon
 l - 14 scrolls of blinking
 v - 3 scrolls of silence
 A - 10 scrolls of poison
 E - 4 scrolls of brand weapon
 F - a scroll of enchant armour
 H - 4 scrolls of immolation
 J - 6 scrolls of fog
 P - 8 scrolls of revelation
Potions
 g - 2 potions of magic
 i - 5 potions of heal wounds
 n - 4 potions of haste
 q - 3 potions of mutation
 x - 5 potions of invisibility
 B - 2 potions of berserk rage
 C - a potion of cancellation
 K - 9 potions of lignification
 O - 3 potions of resistance
 X - 4 potions of curing


   Skills:
 * Level 23.8(27) Fighting
 + Level 20.5(25.5) Axes
 - Level 15.7(20.7) Throwing
 - Level 21.5(26.5) Armour
 - Level 20.0(25.0) Shields
 O Level 27 Invocations


You had 24 spell levels left.
You didn't know any spells.
Your spell library contained the following spells:

 Spells                   Type           Power      Damage    Failure   Level
 Apportation              Tloc           0%         N/A       93%         1
 Freeze                   Ice            0%         1d3       93%         1
 Kiss of Death            Conj/Necr      0%         2d5       93%         1
 Magic Dart               Conj           0%         1d3       93%         1
 Shock                    Conj/Air       0%         1d3       93%         1
 Blink                    Tloc           0%         N/A       98%         2
 Cigotuvi's Dreadful Rot  Necr/Pois/Air  0%         N/A       98%         2
 Ensorcelled Hibernation  Hex/Ice        0%         N/A       98%         2
 Lesser Beckoning         Tloc           0%         N/A       98%         2
 Momentum Strike          Conj/Tloc      0%         3d8       98%         2
 Poisonous Vapours        Pois/Air       0%         N/A       98%         2
 Scorch                   Fire           0%         2d5       98%         2
 Searing Ray              Conj           0%         2d4       98%         2
 Static Discharge         Conj/Air       0%         2-2/arc   98%         2
 Confusing Touch          Hex            0%         N/A       100%        3
 Frozen Ramparts          Ice            0%         1d1       100%        3
 Gell's Gravitas          Tloc           0%         N/A       100%        3
 Hailstorm                Conj/Ice       0%         3d3       100%        3
 Inner Flame              Hex/Fire       0%         N/A       100%        3
 Mephitic Cloud           Conj/Pois/Air  0%         N/A       100%        3
 Ozocubu's Armour         Ice            0%         N/A       100%        3
 Swiftness                Air            0%         N/A       100%        3
 Teleport Other           Tloc           0%         N/A       100%        3
 Vhi's Electric Charge    Tloc/Air       0%         N/A       100%        3
 Volatile Blastmotes      Fire/Tloc      0%         2d10      100%        3
 Airstrike                Air            0%         2d(0-16)  100%        4
 Anguish                  Hex/Necr       0%         N/A       100%        4
 Cause Fear               Hex            0%         N/A       100%        4
 Dispel Undead            Necr           0%         3d6       100%        4
 Flame Wave               Conj/Fire      0%         2d4       100%        4
 Fulminant Prism          Conj/Hex       0%         3d5       100%        4
 Iskenderun's Mystic Bla  Conj/Tloc      0%         2d3       100%        4
 Manifold Assault         Tloc           0%         N/A       100%        4
 Alistair's Intoxication  Tmut/Pois      0%         N/A       100%        5
 Arcjolt                  Conj/Air       0%         1d10      100%        5
 Borgnjor's Vile Clutch   Necr/Erth      0%         N/A       100%        5
 Fireball                 Conj/Fire      0%         3d3       100%        5
 Freezing Cloud           Conj/Ice/Air   0%         6-21      100%        5
 Irradiate                Conj/Tmut      0%         3d11      100%        5
 Lee's Rapid Deconstruct  Erth           0%         3d4*      100%        5
 Metabolic Englaciation   Hex/Ice        0%         N/A       100%        5
 Yara's Violent Unravell  Hex/Tmut       0%         3d3       100%        5
 Conjure Ball Lightning   Conj/Air       0%         3x3d6     100%        6
 Dispersal                Tloc           0%         N/A       100%        6
 Eringya's Noxious Bog    Tmut/Pois      0%         4d6       100%        6
 Plasma Beam              Fire/Air       0%         2x1d10    100%        6
 Enfeeble                 Hex            0%         N/A       100%        7
 Ozocubu's Refrigeration  Ice            0%         4d7       100%        7
 Borgnjor's Revivificati  Necr           0%         N/A       100%        8
 Discord                  Hex            0%         N/A       100%        8
 Disjunction              Tloc           0%         N/A       100%        8
 Death's Door             Necr           0%         N/A       100%        9
 Polar Vortex             Ice            0%         N/A       100%        9
 Call Imp                 Summ           Unusable   N/A       N/A         2
 Summon Guardian Golem    Hex/Summ       Unusable   N/A       N/A         3
 Tukima's Dance           Hex            Unusable   N/A       N/A         3
 Animate Armour           Summ/Erth      Unusable   N/A       N/A         4
 Summon Ice Beast         Ice/Summ       Unusable   N/A       N/A         4
 Summon Lightning Spire   Summ/Air       Unusable   N/A       N/A         4
 Death Channel            Necr           Unusable   N/A       N/A         6
 Simulacrum               Ice/Necr       Unusable   N/A       N/A         6
 Summon Cactus Giant      Summ           Unusable   N/A       N/A         6
 Haunt                    Necr/Summ      Unusable   N/A       N/A         7
 Dragon's Call            Summ           Unusable   N/A       N/A         9

Dungeon Overview and Level Annotations

Branches:
Dungeon (15/15)            Temple (1/1) D:7            Lair (5/5) D:10
  Swamp (4/4) Lair:2        Snake (4/4) Lair:2        Slime (0/5) Lair:4
    Orc (2/2) D:11            Elf (0/3) Orc:2        Vaults (5/5) D:14
  Crypt (0/3) Vaults:2     Depths (4/4) D:15            Zot (5/5) Depths:4

Altars:
Ashenzari
Cheibriados
Dithmenos
Elyvilon
Fedhas
Gozag
Hepliaklqana
Kikubaaqudgha
Makhleb
Nemelex Xobeh
Okawaru
Qazlal
Ru
Sif Muna
Trog
Uskayaw
Vehumet
Wu Jian
Xom
Yredelemnul
Zin
The Shining One
Beogh
Jiyva

Shops:
D:10 ?   D:14 *   Orc:2 [[*!   Snake:2 (   Snake:4 [(   Vaults:1 (
Vaults:2 [:   Vaults:4 [(   Depths:1 **:   Depths:2 :

Portals:
Hell: Depths:1 Depths:2 Depths:3 Depths:4
Abyss: Depths:2 Depths:3 Depths:4
Pandemonium: Depths:2 Depths:4
Ziggurat: Depths:1

Annotations:
D:3 1 runed translucent door, Crazy Yiuf
D:6 1 runed translucent door, Gelion's ghost, novice OpSh
Lair:4 1 runed translucent door
Swamp:2 1 runed translucent door, Goxon Jio's ghost, adept MfGl
Vaults:1 1 runed translucent door, Woitib's ghost, adept GrFE
Depths:2 1 transporter, 1 exclusion
Depths:3 3 runed translucent doors


Innate Abilities, Weirdness & Mutations

You sometimes lose your temper in combat.
You are dopey. (Int -2)
You are very frail. (-20% HP)
You are weak. (Str -2)
Potions are less effective at restoring your health.
You occasionally lose the ability to drink potions when taking damage.


Message History

You block the Orb Guardian's attack. x2; The Orb Guardian hits you!
The Orb Guardian hits you but does no damage.
The electric golem blinks!
You block the red draconian's attack. The Orb Guardian hits you!
The Orb Guardian hits you.
You slash the red draconian!
The red draconian is moderately wounded.
You cut the Orb Guardian into ribbons!!!
You drain the Orb Guardian! You hit the Orb Guardian.
You slice the Orb Guardian!! You closely miss the Orb Guardian.
Visions of slaying the red draconian flood into your mind.
You feel sick. You block the Orb Guardian's attack. x3
The electric golem crackles and sizzles.
The Orb Guardian closely misses you.
The red draconian hits you but does no damage.
The Orb Guardian hits you!
The electric golem blinks!
The Orb Guardian hits you but does no damage. x2
The Orb Guardian hits you!!
You feel threatened and lose the ability to drink potions!
* * * LOW HITPOINT WARNING * * *
As you read the scroll of teleportation, it crumbles to dust.
You feel strangely unstable.
You feel the Orb delaying your translocation!
You feel sick. You block the Orb Guardian's attack. The Orb Guardian hits you!!
* * * LOW HITPOINT WARNING * * *
You block the red draconian's attack. The Orb Guardian hits you!
* * * LOW HITPOINT WARNING * * *
The ghost moth hits you!
* * * LOW HITPOINT WARNING * * *
The ghost moth hits you!
* * * LOW HITPOINT WARNING * * *
You feel clumsy. You block the ghost moth's attack.
You block the tentacled monstrosity's attack.
The tentacled monstrosity tentacle-slaps you but does no damage.
The tentacled monstrosity barely misses you.
The tentacled monstrosity grabs you.
The tentacled monstrosity constricts you!
* * * LOW HITPOINT WARNING * * *
The Orb Guardian hits you!!
You die...

.......^.....## #....
.........^.....## ##...
................## #...
....$............# ##..
......^......^..§# #..
..........p......# ##^.
.........†.......# #...
......dXXy^......# ##...
.....9X@*....)...###....
......XXX).^....###...##
^.....$.9......##)[[.##
......*........)[.[###
▓....§##▓▓▓▓▓▓▓▓▓▓▓#
...... .....^ ......


You could see 2 orbs of fire, a Killer Klown (drained), 2 electric golems, a
tentacled monstrosity, a red draconian (mesmerising, berserk), 5 Orb Guardians
and a ghost moth (invisible).

Vanquished Creatures
  4 dread liches
  2 orbs of fire
  2 ancient liches (Vaults:5)
  A juggernaut (Depths:3)
  3 Killer Klowns (Zot:5)
  A curse toe (Zot:2)
  Nikola (Swamp:2)
  11 golden dragons
  A bone dragon (Depths:4)
  12 tentacled monstrosities
  Rupert (Lair:4)
  Jorgrun (Swamp:2)
  A lich (Depths:3)
  A quicksilver dragon (shapeshifter) (Vaults:5)
  15 Orb Guardians
  6 titans
  Asterion (Depths:1)
  A walking frostbound tome (Depths:3)
  3 sphinxes
  11 quicksilver dragons
  2 ancient champions
  18 storm dragons
  17 shadow dragons
  8 death cobs
  5 tengu reavers
  A revenant (Vaults:2)
  3 thorn hunters
  Donald (Swamp:2)
  7 fire giants
  Roxanne (Swamp:2)
  A rockslime (Zot:5)
  7 nagarajas (Snake:4)
  2 draconian monks
  8 frost giants
  2 draconian knights
  5 iron dragons
  24 vault wardens
  3 draconian scorchers
  3 ghost moths
  Louise (D:15)
  17 ironbound preservers
  3 ghouls
  4 draconian shifters
  A draconian stormcaller (Zot:3)
  4 draconian annihilators
  A formless jellyfish (Vaults:2)
  3 orc warlords
  15 stone giants
  4 war gargoyles
  11 green draconians
  9 very ugly things
  A deep elf demonologist (Vaults:5)
  A vampire knight (Depths:4)
  6 ironbound thunderhulks
  5 eleionomae
  3 bunyips
  9 red draconians
  3 purple draconians
  9 dire elephants
  4 black draconians
  Azrael (D:15)
  5 spark wasps
  8 white draconians
  3 yellow draconians
  2 crystal guardians (Vaults:1)
  An eidolon (Vaults:2)
  16 fire dragons
  A deep elf death mage (Vaults:5)
  12 ettins
  A merfolk impaler (Depths:1)
  13 yaktaur captains
  8 great orbs of eyes
  4 peacekeepers
  19 hydras
  2 entropy weavers
  5 salamander tyrants (Snake:4)
  4 ice dragons
  A hell beast (Depths:4)
  38 vault guards
  5 spriggan air magi
  3 rakshasas
  2 catoblepae (D:14)
  6 ironbound frosthearts
  Erica (D:8)
  4 anacondas
  An ogre mage (Vaults:5)
  14 centaur warriors
  8 alligators
  A death knight (Vaults:2)
  2 two-headed ogres
  10 boulder beetles
  8 naga warriors (Snake:4)
  13 deep troll earth magi
  3 deep troll shamans
  Urug (D:13)
  3 shock serpents (Snake:4)
  6 tengu warriors
  2 naga sharpshooters (Snake:4)
  10 hell knights
  3 orc high priests (Orc:2)
  4 spriggans (Depths:2)
  A deep elf knight (Snake:4)
  A skyshark (Lair:2)
  A sun demon (Depths:4)
  A goliath frog (Swamp:1)
  4 spriggan berserkers
  5 iron trolls
  A skyshark (shapeshifter) (Depths:3)
  46 deep trolls
  A spriggan druid (Swamp:1)
  A flayed ghost (Depths:1)
  7 swamp dragons
  8 harpies
  3 glowing orange brains
  16 ironbound convokers
  12 wizards
  A deep elf archer (Snake:4)
  5 phantasmal warriors
  11 orc knights
  17 lindwurms
  2 naga ritualists
  6 bog bodies
  2 wolf spiders (Lair:5)
  2 deep elf pyromancers (D:15)
  4 mana vipers
  2 orc sorcerers (Orc:2)
  2 necromancers
  2 cyclopes
  33 moths of wrath
  3 will-o-the-wisps
  6 elephants (Lair:3)
  7 guardian serpents
  A salamander (Snake:4)
  48 ugly things
  Maurice (Orc:2)
  20 vault sentinels
  2 gargoyles (D:12)
  8 naga magi
  23 black mambas
  A rust devil (Depths:4)
  3 unseen horrors
  17 cane toads
  5 kobold demonologists
  3 rime drakes
  A freezing wraith (D:15)
  28 yaktaurs
  8 komodo dragons
  6 tengu conjurers
  3 red devils (Depths:4)
  A troll (shapeshifter) (D:14)
  4 meliai
  3 polar bears
  8 trolls
  A bloated husk (Swamp:4)
  Grinder (D:3)
  6 hornets
  A raiju (shapeshifter) (Depths:2)
  A tarantella (Vaults:4)
  A blink frog (shapeshifter) (D:13)
  3 tyrant leeches
  14 dream sheep
  4 blink frogs (Lair:5)
  39 slime creatures
  A ynoxinul (Depths:4)
  A jumping spider (shapeshifter) (D:14)
  A wyvern (shapeshifter) (D:12)
  54 yaks
  7 water elementals
  2 wraiths (D:12)
  3 shadows
  7 wyverns
  5 fire elementals (D:15)
  10 vampire mosquitoes
  7 basilisks
  A neqoxec (Depths:4)
  2 redbacks (Vaults:4)
  A swamp worm (shapeshifter) (Vaults:5)
  12 swamp worms
  Menkaure (D:4)
  2 wargs
  28 nagas
  36 water moccasins
  Duvessa (D:4)
  2 hell hounds
  26 orc warriors
  A sky beast (D:6)
  7 swamp drakes
  4 ice beasts
  A black bear (D:6)
  A boggart (Vaults:2)
  A tengu (shapeshifter) (Depths:3)
  4 centaurs
  27 wolves
  7 ogres
  3 kobold brigands
  11 bullfrogs
  A gnoll sergeant (D:10)
  3 necrophages
  2 scorpions (D:6)
  18 wights
  Dowan (D:4)
  3 electric eels
  2 howler monkeys (D:9)
  2 gnoll boudas
  A jelly (D:8)
  3 hounds
  23 orc priests
  4 sleepcaps
  29 orc wizards
  2 iguanas (D:6)
  Natasha (twice) (D:3)
  16 gnolls
  13 adders
  A shadow imp (D:6)
  An ufetubus (D:4)
  6 worms
  7 dart slugs
  84 orcs
  4 endoplasms
  A giant cockroach (D:1)
  9 goblins
  2 hobgoblins
  4 jackals (D:1)
  8 kobolds
  3 quokkas
  2 ball pythons
  2 bats
  5 frilled lizards
  6 rats
  2 spectral weapons (Depths:1)
1592 creatures vanquished.

Vanquished Creatures (others)
  A storm dragon (Zot:5)
  A fire giant (Depths:4)
  A ghost moth (Zot:3)
  A hydra (Swamp:4)
  A hell knight (Depths:3)
  A shadow wraith (D:14)
  A necromancer (Depths:3)
  2 bloated husks
  20 foxfires
29 creatures vanquished.

Grand Total: 1621 creatures vanquished

Notes
Turn   | Place    | Note
-------+----------+-------------------------------------------
     0 | D:1      | rabbitsville the Hill Orc Fighter began the quest for the
                  | Orb.
     0 | D:1      | Reached XP level 1. HP: 19/19 MP: 1/1
    80 | D:1      | Reached XP level 2. HP: 24/27 MP: 2/2
   385 | D:1      | Reached XP level 3. HP: 30/33 MP: 3/3
   646 | D:2      | Reached XP level 4. HP: 37/41 MP: 4/4
  1639 | D:3      | Reached skill level 5 in Fighting
  1770 | D:3      | Noticed Grinder
  1770 | D:3      | Paralysed by Grinder for 2 turns
  1777 | D:3      | Paralysed by Grinder for 3 turns
  1783 | D:3      | Paralysed by Grinder for 3 turns
  1791 | D:3      | HP: 1/42 [Grinder/nerve-wracking pain (10)]
  1793 | D:3      | Killed Grinder
  1794 | D:3      | Reached skill level 5 in Axes
  1794 | D:3      | Reached XP level 5. HP: 3/50 MP: 5/5
  1794 | D:3      | Reached XP level 6. HP: 3/57 MP: 6/6
  2283 | D:3      | Noticed Natasha
  2287 | D:3      | Killed Natasha
  2513 | D:3      | Found a runed translucent door.
  2514 | D:3      | Noticed Crazy Yiuf
  2541 | D:3      | Noticed Natasha
  2548 | D:3      | Killed Natasha
  2749 | D:4      | Noticed Menkaure
  2755 | D:4      | Killed Menkaure
  2756 | D:4      | Reached XP level 7. HP: 35/64 MP: 7/7
  3018 | D:4      | Found a basalt altar of Yredelemnul.
  3026 | D:4      | Reached skill level 5 in Shields
  3156 | D:4      | Noticed Duvessa
  3156 | D:4      | Noticed Dowan
  3168 | D:4      | Killed Duvessa
  3174 | D:4      | Killed Dowan
  3175 | D:4      | Reached XP level 8. HP: 27/73 MP: 8/8
  3707 | D:5      | Entered Level 5 of the Dungeon
  3845 | D:5      | Found a shadowy altar of Dithmenos.
  4100 | D:5      | Found a white marble altar of Elyvilon.
  4102 | D:5      | Found an iron altar of Okawaru.
  4108 | D:5      | Became a worshipper of Warmaster Okawaru
  4164 | D:5      | Found the +16 obsidian axe {drain, demonic, Mesm Drain Fly
                  | SInv}
  4184 | D:5      | Found a radiant altar of Vehumet.
  4532 | D:6      | Reached skill level 1 in Invocations
  4537 | D:6      | Found an ancient bone altar of Kikubaaqudgha.
  4610 | D:6      | Reached skill level 2 in Invocations
  4780 | D:6      | Found a runed translucent door.
  4797 | D:6      | Reached * piety under Okawaru
  4871 | D:6      | Noticed Gelion's ghost (novice OpSh)
  4984 | D:6      | Reached skill level 3 in Invocations
  5163 | D:6      | Found an ornate altar of the Wu Jian Council.
  5166 | D:6      | Found a sparkling altar of Nemelex Xobeh.
  5171 | D:6      | Found an opulent altar of Gozag.
  5222 | D:6      | Reached XP level 9. HP: 58/83 MP: 11/11
  5521 | D:7      | Reached skill level 10 in Axes
  5521 | D:7      | Reached skill level 4 in Invocations
  5556 | D:7      | Reached ** piety under Okawaru
  5835 | D:7      | Found a staircase to the Ecumenical Temple.
  5869 | D:7      | Reached skill level 10 in Fighting
  6217 | Temple   | Entered the Ecumenical Temple
  6418 | D:8      | Found a bloodstained altar of Trog.
  6423 | D:8      | Noticed Erica
  6429 | D:8      | Killed Erica
  6430 | D:8      | Reached skill level 5 in Invocations
  6664 | D:8      | Reached XP level 10. HP: 95/95 MP: 14/14
  6755 | D:8      | Reached *** piety under Okawaru
  6756 | D:8      | Reached skill level 6 in Invocations
  7613 | D:9      | Found a broken altar of Ashenzari.
  7995 | D:9      | Noticed a two-headed ogre
  8007 | D:9      | Killed a two-headed ogre
  8007 | D:9      | Reached **** piety under Okawaru
  8008 | D:9      | Reached skill level 7 in Invocations
  8280 | D:10     | Entered Level 10 of the Dungeon
  8342 | D:10     | Found a roughly hewn altar of Beogh.
  8510 | D:10     | Found Wexip's Magic Scroll Shoppe.
  8518 | D:10     | Bought a scroll of blinking for 112 gold pieces
  8518 | D:10     | Bought a scroll of teleportation for 45 gold pieces
  8518 | D:10     | Bought a scroll of identify for 30 gold pieces
  8518 | D:10     | Bought a scroll of identify for 30 gold pieces
  8638 | D:10     | Received a gift from Okawaru
  8639 | D:10     | Reached XP level 11. HP: 86/106 MP: 16/16
  8642 | D:10     | Reached ***** piety under Okawaru
  8646 | D:10     | Reached skill level 8 in Invocations
  8941 | D:10     | Noticed a sixfirhy
  8982 | D:10     | Found a staircase to the Lair.
  9090 | D:10     | Found a snail-covered altar of Cheibriados.
  9235 | D:11     | Noticed a centaur warrior
  9244 | D:11     | Killed a centaur warrior
  9244 | D:11     | Received a gift from Okawaru
  9289 | D:11     | Found a staircase to the Orcish Mines.
  9343 | Lair:1   | Entered Level 1 of the Lair of Beasts
  9356 | Lair:1   | Reached skill level 9 in Invocations
  9440 | Lair:1   | Reached skill level 15 in Axes
  9927 | Lair:1   | Reached XP level 12. HP: 110/118 MP: 19/19
 10354 | Lair:2   | Received a gift from Okawaru
 10355 | Lair:2   | Reached skill level 10 in Invocations
 10365 | Lair:2   | Reached skill level 15 in Fighting
 10425 | Lair:2   | Noticed an eleionoma
 10640 | Lair:2   | Killed an eleionoma
 10737 | Lair:2   | Noticed a skyshark
 10745 | Lair:2   | Killed a skyshark
 10851 | Lair:2   | Found a staircase to the Snake Pit.
 10855 | Lair:2   | Noticed a boulder beetle
 10868 | Lair:2   | Killed a boulder beetle
 10958 | Lair:2   | Found a staircase to the Swamp.
 11475 | Lair:3   | Reached skill level 11 in Invocations
 11621 | Lair:3   | Reached XP level 13. HP: 118/129 MP: 21/21
 11710 | Lair:3   | Identified the +8 broad axe of Blood {drain, rPois Will+}
                  | (Okawaru gifted it to you on level 3 of the Lair of Beasts)
 11710 | Lair:3   | Received a gift from Okawaru
 11714 | Lair:3   | Reached ****** piety under Okawaru
 12219 | Lair:3   | Reached skill level 12 in Invocations
 13182 | Lair:4   | Noticed Rupert
 13193 | Lair:4   | Killed Rupert
 13357 | Lair:4   | Found a runed translucent door.
 13357 | Lair:4   | Found a viscous altar of Jiyva.
 13359 | Lair:4   | Found a staircase to the Slime Pits.
 13410 | Lair:5   | Entered Level 5 of the Lair of Beasts
 13793 | D:11     | Identified the +2 pair of gloves of Spring {rF+ Regen+}
                  | (Okawaru gifted it to you on level 11 of the Dungeon)
 13793 | D:11     | Received a gift from Okawaru
 14018 | Orc:1    | Entered Level 1 of the Orcish Mines
 14560 | D:12     | Reached skill level 13 in Invocations
 14718 | D:12     | Identified the ring of Optimism {Fly rPois rCorr Str+6
                  | Int-5}
 15285 | D:12     | Reached XP level 14. HP: 139/140 MP: 23/23
 15547 | Orc:2    | Entered Level 2 of the Orcish Mines
 15547 | Orc:2    | Noticed Maurice
 15547 | Orc:2    | Found a staircase to the Elven Halls.
 15572 | Orc:2    | Killed Maurice
 15760 | Orc:2    | Reached skill level 5 in Armour
 15898 | Orc:2    | Found Zutaludi's Distillery.
 15898 | Orc:2    | Found Womeacib's General Store.
 15904 | Orc:2    | Found Qeehegof's Armour Boutique.
 15913 | Orc:2    | Found Orulau's Armour Boutique.
 15963 | Orc:2    | Bought a scroll of identify for 28 gold pieces
 15963 | Orc:2    | Bought 5 darts of dispersal for 63 gold pieces
 15969 | Orc:2    | Bought a +2 pair of boots for 264 gold pieces
 15987 | Orc:2    | Bought the scarf of Calculation {repulsion, Str+6} for 384
                  | gold pieces
 16000 | Orc:2    | Bought a potion of haste for 130 gold pieces
 16000 | Orc:2    | Bought a potion of curing for 39 gold pieces
 16000 | Orc:2    | Bought a potion of curing for 39 gold pieces
 16000 | Orc:2    | Bought a potion of heal wounds for 65 gold pieces
 16063 | Orc:2    | Found a roughly hewn altar of Beogh.
 16312 | Orc:1    | Received a gift from Okawaru
 17096 | D:13     | Reached skill level 14 in Invocations
 17249 | D:13     | Got the Handbook of Noxious Bruises
 17397 | D:13     | Noticed Urug
 17403 | D:13     | Killed Urug
 17703 | D:14     | Received a gift from Okawaru
 17836 | D:14     | You are sucked into a shaft and drop 1 floor!
 17836 | D:15     | Entered Level 15 of the Dungeon
 18024 | D:15     | Reached XP level 15. HP: 140/151 MP: 22/26
 18306 | D:14     | Reached skill level 15 in Invocations
 18575 | D:14     | Reached skill level 10 in Armour
 18615 | D:14     | Found a gate to the Vaults.
 18745 | D:14     | Found Wiclaluv's Neck Hole.
 18752 | D:14     | Bought an amulet of regeneration for 510 gold pieces
 18836 | D:15     | Noticed Louise
 18848 | D:15     | Killed Louise
 19035 | D:15     | Noticed Azrael
 19043 | D:15     | Killed Azrael
 19062 | D:15     | Found an iron altar of Okawaru.
 19201 | D:15     | Received a gift from Okawaru
 19208 | D:15     | Found a staircase to the Depths.
 19993 | Lair:5   | Reached skill level 16 in Invocations
 20174 | Lair:5   | Identified the +6 rapier "Seti" {flame, rC+++ rN++ MP+9
                  | Str-5}
 20285 | Lair:5   | Identified the +0 leather armour of the Beggar {rPois rCorr
                  | Str+3 Int+2}
 20330 | Lair:5   | Identified the +9 orcbow of Juap {freeze, Str+4}
 20640 | Swamp:1  | Entered Level 1 of the Swamp
 20879 | Swamp:1  | Reached XP level 16. HP: 162/162 MP: 28/28
 20909 | Swamp:1  | Noticed a tentacled monstrosity
 20922 | Swamp:1  | Killed a tentacled monstrosity
 21155 | Swamp:2  | Received a gift from Okawaru
 21226 | Swamp:2  | Found a runed translucent door.
 21254 | Swamp:2  | Noticed Goxon Jio's ghost (adept MfGl)
 21345 | Swamp:2  | Noticed Jorgrun
 21356 | Swamp:2  | Killed Jorgrun
 21464 | Swamp:2  | Noticed Roxanne
 21484 | Swamp:2  | Killed Roxanne
 21561 | Swamp:2  | Reached skill level 17 in Invocations
 21587 | Swamp:2  | Noticed Nikola
 21597 | Swamp:2  | Killed Nikola
 21892 | Swamp:2  | Noticed Donald
 21902 | Swamp:2  | Killed Donald
 21904 | Swamp:2  | Identified the +2 broad axe of Arrival {venom, Str+3}
                  | (Okawaru gifted it to you on level 2 of the Swamp)
 21904 | Swamp:2  | Received a gift from Okawaru
 22125 | Swamp:3  | Noticed a thorn hunter
 22135 | Swamp:3  | Killed a thorn hunter
 22171 | Swamp:4  | Entered Level 4 of the Swamp
 22291 | Swamp:4  | Identified the +5 ring mail "Voty" {Rampage *Corrode Int+4
                  | Dex+2 Slay+2}
 22452 | Swamp:4  | Noticed a thorn hunter
 22463 | Swamp:4  | Killed a thorn hunter
 22463 | Swamp:4  | Received a gift from Okawaru
 22464 | Swamp:4  | Reached skill level 15 in Armour
 22519 | Swamp:4  | Noticed a thorn hunter
 22526 | Swamp:4  | Killed a thorn hunter
 22583 | Swamp:4  | Reached XP level 17. HP: 122/171 MP: 29/29
 22621 | Swamp:4  | Got a decaying rune of Zot
 22755 | Snake:1  | Entered Level 1 of the Snake Pit
 22853 | Snake:2  | Found Rierghire's Weapon Shop.
 22972 | Snake:3  | Reached skill level 10 in Shields
 22975 | Snake:3  | Reached skill level 18 in Invocations
 22985 | Snake:4  | Entered Level 4 of the Snake Pit
 23194 | Snake:4  | Found Utoitzio's Antique Weapon Emporium.
 23204 | Snake:4  | Found Reuconua's Armour Emporium.
 23246 | Snake:4  | Bought the +2 hat of the Bear Spirit {Spirit, Bear, *Rage
                  | Will++} for 383 gold pieces
 23246 | Snake:4  | Found the +2 hat of the Bear Spirit {Spirit, Bear, *Rage
                  | Will++}
 24035 | Snake:4  | Received a gift from Okawaru
 24448 | Snake:4  | Noticed a quicksilver dragon
 24451 | Snake:4  | Noticed a quicksilver dragon
 24455 | Snake:4  | Killed a quicksilver dragon
 24461 | Snake:4  | Killed a quicksilver dragon
 24482 | Snake:4  | Got a serpentine rune of Zot
 24796 | Vaults:1 | Entered Level 1 of the Vaults
 24915 | Vaults:1 | Identified the +0 cloak of Terror {-Tele *Corrode rF+++
                  | rC+} (Okawaru gifted it to you on level 1 of the Vaults)
 24915 | Vaults:1 | Received a gift from Okawaru
 24916 | Vaults:1 | Reached XP level 18. HP: 180/180 MP: 29/31
 25109 | Vaults:1 | Found a runed translucent door.
 25109 | Vaults:1 | Noticed Woitib's ghost (adept GrFE)
 25273 | Vaults:1 | Reached skill level 19 in Invocations
 25737 | Vaults:1 | Found Azacwuzo's Weapon Shoppe.
 25855 | Vaults:1 | Received a gift from Okawaru
 26100 | Vaults:2 | Found Geucixt's Book Shoppe.
 26176 | Vaults:2 | Identified the +4 kite shield of the Moon {rPois} (Okawaru
                  | gifted it to you on level 2 of the Vaults)
 26176 | Vaults:2 | Received a gift from Okawaru
 26291 | Vaults:2 | Found the ring of the Octopus King
 26341 | Vaults:2 | Identified a ring of the Octopus King {HP+2 AC+2 EV+2 SH+2
                  | SInv}
 26558 | Vaults:2 | Found Feopak's Antique Armour Shop.
 26650 | Vaults:2 | Identified the +4 quarterstaff "Axtifuy" {spect, *Noise
                  | Str+3}
 26872 | Vaults:2 | Reached XP level 19. HP: 187/187 MP: 32/32
 26976 | Vaults:2 | Found a staircase to the Crypt.
 27015 | Vaults:2 | Identified the +3 ring mail of Keigail {Str+2}
 27180 | Vaults:3 | Received a gift from Okawaru
 27282 | Vaults:3 | Reached skill level 20 in Invocations
 27329 | Vaults:3 | Reached skill level 15 in Shields
 27616 | Vaults:3 | Identified the +1 battleaxe "Mowkupn" {heavy, Will+}
                  | (Okawaru gifted it to you on level 3 of the Vaults)
 27616 | Vaults:3 | Received a gift from Okawaru
 28040 | Vaults:3 | Received a gift from Okawaru
 28342 | Vaults:3 | Found a portal to a secret trove of treasure.
 28548 | Vaults:4 | Found Jowoy's Weapon Emporium.
 28786 | Vaults:4 | Reached XP level 20. HP: 180/191 MP: 26/34
 28827 | Vaults:4 | Identified the +0 robe of Hirirug {*Slow rElec Int+3}
                  | (Okawaru gifted it to you on level 4 of the Vaults)
 28827 | Vaults:4 | Received a gift from Okawaru
 28911 | Vaults:4 | Reached skill level 21 in Invocations
 29113 | Vaults:4 | Found Anwigoev's Antique Armour Boutique.
 29667 | Vaults:5 | Entered Level 5 of the Vaults
 29671 | Vaults:5 | Received a gift from Okawaru
 29740 | Vaults:5 | Noticed an ancient lich
 29752 | Vaults:5 | Identified the +0 ring mail of Levity {*Corrode rF+ Str+5
                  | SInv} (Okawaru gifted it to you on level 5 of the Vaults)
 29752 | Vaults:5 | Received a gift from Okawaru
 29758 | Vaults:5 | Killed an ancient lich
 29776 | Arena    | Entered the Arena
 29874 | Vaults:5 | Reached XP level 21. HP: 79/190 MP: 2/35
 30074 | Vaults:5 | Reached skill level 1 in Throwing
 30146 | Vaults:5 | Noticed a golden dragon
 30152 | Vaults:5 | Reached skill level 5 in Throwing
 30153 | Vaults:5 | Reached skill level 22 in Invocations
 30166 | Vaults:5 | Found the ring of the Octopus King {rN+ HP+2 AC+2 EV+2
                  | SH+2}
 30187 | Vaults:5 | Identified the +0 helmet of Dithmenos's Reproof {rF- Regen+
                  | rCorr}
 30250 | Vaults:5 | Noticed a golden dragon
 30264 | Vaults:5 | Killed a golden dragon
 30305 | Vaults:5 | Identified the +1 ring mail "Appautoa" {Str+6 Int-3}
 30334 | Vaults:5 | Noticed an ancient lich
 30335 | Vaults:5 | Noticed a dread lich
 30341 | Vaults:5 | Killed an ancient lich
 30354 | Vaults:5 | Killed a golden dragon
 30356 | Vaults:5 | Killed a dread lich
 30356 | Vaults:5 | Identified the +0 kite shield of the Earth {Str+5} (Okawaru
                  | gifted it to you on level 5 of the Vaults)
 30356 | Vaults:5 | Received a gift from Okawaru
 30537 | Vaults:5 | Identified the +6 flail of Domination {freeze, Stlth+}
 30578 | Vaults:5 | Identified the staff "Ymoran" {rPois rC+ Dex+2 Ice}
 30740 | Vaults:5 | Got Dom Ziz's Compendium of Execration
 30797 | Vaults:5 | Identified the +1 robe "Biyxuvof" {Harm}
 31005 | Vaults:5 | Noticed a golden dragon
 31012 | Vaults:5 | Killed a golden dragon
 31093 | Vaults:3 | You paid a toll of 15 potions of curing to enter a treasure
                  | trove
 31094 | Trove    | Entered a treasure trove
 31106 | Trove    | Identified the amulet "Zoiblebe" {Reflect Str+2 SH+5}
 31119 | Trove    | Identified the ring of Zeram {rN++ EV+5 Int+4 Slay-3}
 31120 | Trove    | Identified the ring of Isuuc {Fly rElec Str+2 Slay+3}
 31124 | Trove    | Identified the amulet of Istre {Faith Rampage *Slow rElec
                  | Str+2}
 31129 | Trove    | Identified the ring "Amnuquuf" {rF+ Str+3 Dex+6}
 31130 | Trove    | Identified the ring of the Curupira {rElec rC+ rN+ Will+
                  | Str+2}
 31131 | Trove    | Identified the ring of Harmony {rF+ Str+2 Int+2 Dex+2}
 31137 | Trove    | Identified the ring "Donelar" {Fire Dex+3}
 31774 | Vaults:5 | Got a silver rune of Zot
 31795 | Vaults:5 | Identified the +1 leather armour "Xasmowey" {Contam Fly
                  | rPois rCorr}
 31828 | Vaults:5 | Noticed a dread lich
 31838 | Vaults:5 | Killed a dread lich
 31839 | Vaults:5 | Reached skill level 10 in Throwing
 32272 | Depths:1 | Entered Level 1 of the Depths
 32272 | Depths:1 | Found a one-way gateway to a ziggurat.
 32311 | Depths:1 | Found Gimnastu's Book Shop.
 32344 | Depths:1 | Noticed Asterion
 32355 | Depths:1 | Killed Asterion
 32388 | Depths:1 | Found Dugaetua's Overcharged Wands.
 32408 | Depths:1 | Found Big Baal Hell's Store.
 32414 | Depths:1 | Found a gateway to Hell.
 32470 | Depths:1 | Reached XP level 22. HP: 211/211 MP: 35/37
 32516 | Depths:1 | Received a gift from Okawaru
 32981 | Depths:2 | Reached skill level 23 in Invocations
 32988 | Depths:2 | Received a gift from Okawaru
 33465 | Depths:2 | Found a one-way gate to the infinite horrors of the Abyss.
 33564 | Depths:2 | Found a transporter.
 33565 | Depths:2 | Found a radiant altar of Vehumet.
 33567 | Depths:2 | Identified the ring of Jymafa {Fly rPois Str-3 Int+3 SInv}
 33638 | Depths:2 | Found Yfa Are's Book Boutique.
 33726 | Depths:2 | Found a one-way gate leading to the halls of Pandemonium.
 33915 | Depths:3 | Received a gift from Okawaru
 34099 | Depths:3 | Received a gift from Okawaru
 34123 | Depths:3 | Found a hide-covered altar of Uskayaw.
 34166 | Depths:3 | Reached XP level 23. HP: 217/217 MP: 38/38
 34171 | Depths:3 | Found a runed translucent door.
 34172 | Depths:3 | Found a runed translucent door.
 34175 | Depths:3 | Found a runed translucent door.
 34187 | Depths:3 | Received a gift from Okawaru
 34309 | Depths:3 | Noticed a golden dragon
 34313 | Depths:3 | Noticed a juggernaut
 34322 | Depths:3 | Killed a golden dragon
 34328 | Depths:3 | Killed a juggernaut
 34355 | Depths:3 | Identified the +8 glaive of Tonyfud {drain, rC+++ Str+3
                  | Int-3 Dex+3}
 34559 | Depths:3 | Reached skill level 15 in Throwing
 34620 | Depths:3 | Reached skill level 24 in Invocations
 34756 | Depths:3 | Identified the amulet "Qesm" {Acrobat rPois rC+ Regen+
                  | Dex+3}
 34913 | Depths:4 | Entered Level 4 of the Depths
 34994 | Depths:4 | Reached XP level 24. HP: 225/225 MP: 39/39
 35058 | Depths:4 | Found a gate to the Realm of Zot.
 35383 | Depths:4 | Received a gift from Okawaru
 35575 | Depths:4 | Found an opulent altar of Gozag.
 35588 | Depths:4 | Reached skill level 25 in Invocations
 36138 | Zot:1    | Entered Level 1 of the Realm of Zot
 36228 | Zot:1    | Identified the +9 hand axe "Mynoniade" {heavy, rF+ rC+
                  | Str+3} (Okawaru gifted it to you on level 1 of the Realm of
                  | Zot)
 36228 | Zot:1    | Received a gift from Okawaru
 36610 | Zot:1    | Noticed an orb of fire
 36611 | Zot:1    | Reached skill level 26 in Invocations
 36618 | Zot:1    | Gained mutation: You are frail. (-10% HP) [an orb of fire]
 36619 | Zot:1    | Gained mutation: You are very frail. (-20% HP) [an orb of
                  | fire]
 36630 | Zot:1    | Killed an orb of fire
 36654 | Zot:1    | Upgraded the game from 0.31-a0-460-g9e667d4245 to
                  | 0.31-a0-473-g61b50ae490
 37522 | Zot:2    | Identified the +0 kite shield of Undesirable Species {Str+4
                  | Stlth+} (Okawaru gifted it to you on level 2 of the Realm
                  | of Zot)
 37522 | Zot:2    | Received a gift from Okawaru
 37795 | Zot:2    | Reached skill level 27 in Invocations
 38019 | Zot:2    | Noticed a curse toe
 38032 | Zot:2    | Killed a curse toe
 38456 | Zot:3    | Reached XP level 25. HP: 163/188 MP: 31/40
 39455 | Zot:4    | Identified the +0 crystal plate armour "Pafaest" {Stlth+}
                  | (Okawaru gifted it to you on level 4 of the Realm of Zot)
 39455 | Zot:4    | Received a gift from Okawaru
 39799 | Zot:5    | Entered Level 5 of the Realm of Zot
 40175 | Zot:5    | Noticed a dread lich
 40176 | Zot:5    | Noticed a dread lich
 40185 | Zot:5    | Killed a dread lich
 40192 | Zot:5    | Killed a dread lich
 40386 | Zot:5    | Noticed a Killer Klown
 40388 | Zot:5    | Noticed a Killer Klown
 40389 | Zot:5    | Noticed a Killer Klown
 40392 | Zot:5    | Noticed a Killer Klown
 40393 | Zot:5    | Noticed an orb of fire
 40397 | Zot:5    | Killed a Killer Klown
 40400 | Zot:5    | Noticed a Killer Klown
 40400 | Zot:5    | Noticed a Killer Klown
 40402 | Zot:5    | a Killer Klown changed into a rockslime
 40403 | Zot:5    | Gained mutation: You are weak. (Str -2) [an orb of fire]
 40406 | Zot:5    | Killed an orb of fire
 40421 | Zot:5    | Killed a Killer Klown
 40421 | Zot:5    | Noticed an orb of fire
 40422 | Zot:5    | Noticed a Killer Klown
 40429 | Zot:5    | Noticed an orb of fire
 40430 | Zot:5    | Gained mutation: You sometimes lose your temper in combat.
                  | [an orb of fire]
 40431 | Zot:5    | Noticed a Killer Klown
 40432 | Zot:5    | Gained mutation: You occasionally lose the ability to drink
                  | potions when taking damage. [an orb of fire]
 40437 | Zot:5    | Gained mutation: Potions are less effective at restoring
                  | your health. [an orb of fire]
 40438 | Arena    | Entered the Arena
 40831 | Zot:5    | Killed a Killer Klown
 40831 | Zot:5    | Received a gift from Okawaru
 40836 | Zot:5    | Gained mutation: You are dopey. (Int -2) [an orb of fire]
 40854 | Zot:5    | HP: 3/196 [constriction (8)]
 40854 | Zot:5    | Annihilated by an Orb Guardian

Illustrated notes

Levels and vault maps discovered:
D:1:      tarquinn_simple_flora_water_e, layout_basic
D:2:      layout_loops_corners, roderic_lattice_a, minivault_24,
          minmay_hexomino_f4
D:3:      layout_basic, serial_curves, eino_curves_02, eino_curves_04,
          uniq_crazy_yiuf_cottage, uniq_natasha, uniq_grinder
D:4:      layout_basic, nicolae_overflow_crystal_walls,
          minmay_misc_feat_columns, uniq_duvessa, uniq_menkaure
D:5:      layout_loops_ring, nicolae_dithmenos_through_a_glass_darkly,
          mainiacjoe_overflow_surrounded_room,
          chequers_temple_overflow_statue_of_worship
D:6:      layout_basic, mainiacjoe_overflow_small_starburst,
          grunt_temple_overflow_diamond, ebering_ghost_reflecting_pool
D:7:      layout_loops_ring, minmay_temple_entry_hall, minivault_24,
          skrybe_limestone_x
D:8:      layout_basic, lemuel_tele_altar, uniq_erica
D:9:      layout_cave_pods, nicolae_ashenzari_panopticon
D:10:     layout_roguey [special_room_orc], cheibrodos_worm_habitat,
          hellmonk_lair_entry_icy, nicolae_stop_n_shop_1
D:11:     layout_roguey, orc_0_dummy
D:12:     kennysheep_scales, layout_layer_cave
D:13:     layout_small_grid, uniq_urug
D:14:     layout_basic, david_vaults_4, minmay_misc_feat_secret_circle,
          nicolae_shop_sticking_my_neck_out
D:15:     hellmonk_depths_entry_around_the_bend, layout_cave_pods,
          hellmonk_okawaru_the_only_friend_you_need, uniq_azrael, uniq_louise
Temple:   hellmonk_temple_rainy
Lair:1:   layout_gridlike, minivault_19, infiniplex_staircase_pool_2
Lair:2:   layout_small_grid, alex1729_swamp_entry_worm_eleionoma,
          minmay_snake_entry_guardpost_medium, grunt_megastairs_4
Lair:3:   layout_gridlike, chequers_serial_rivers_micro_a
Lair:4:   layout_cave_pods, slime_entry_2, uniq_rupert
Lair:5:   hangedman_lair_tendril_chambers, layout_gridlike
Swamp:1:  layout_basic_swamp, nicolae_swamp_triple_paths,
          infiniplex_staircase_pool
Swamp:2:  layout_basic_swamp, ebering_ghost_reflecting_pool,
          nicolae_swamp_some_circles, swamp_pool1,
          hangedman_swamp_double_dragon, uniq_nikola, uniq_jorgrun,
          uniq_roxanne, uniq_donald
Swamp:3:  nzn_winding_woodlands_cross [nzn_winding_woodlands_5x15_twine,
          nzn_winding_woodlands_5x15_zeroes, nzn_winding_woodlands_5x15_garden,
          nzn_winding_woodlands_5x15_river_crossing,
          nzn_winding_woodlands_15x15_thick_spiral], layout_basic_swamp,
          evilmike_swamp_ruin_rubble_2, swamp_pool1, nicolae_swamp_catching_bugs
Swamp:4:  swamp, layout_basic_swamp, swamp_pool4
Snake:1:  layout_misc_corridors, serial_shops, shop, shop,
          nicolae_shop_gibbet_a_chance, nicolae_snake_salamander_zone
Snake:2:  layout_honeycomb, serial_shops, nicolae_shop_bloodbath_and_beyond
Snake:3:  layout_chambers, nrook_guardian_serpent_ordinary
Snake:4:  hellmonk_snake_rune_quicksilver_temple, layout_layer_cave,
          beargit_elvish_explorers, minmay_shop_star
Orc:1:    layout_caves, dreamdust_deal_with_the_devil
Orc:2:    st_orc_mages, layout_caves, basic_altar, uniq_maurice
Vaults:1: hellmonk_ghost_happy_afterlife, nicolae_vaults_octothorpe,
          v_alt_pattern_3, v_rooms_6, v_misc_25, nicolae_vaults_apartment_2,
          nicolae_vaults_border_crossing, grunt_vaults_swirl,
          nicolae_vaults_trapezoid_lopsided_3, ontoclasm_vaults_gateway,
          nicolae_vaults_closet_pinwheel_2, layout_vaults_omnicross,
          serial_shops, nicolae_shop_tiny_glass
Vaults:2: hangedman_vaults_stretched_pinwheel, vaults_mumra_chevron_long,
          nicolae_vaults_corridor_and_loot_room, nicolae_vaults_asterisk,
          v_misc_33, dpeg_vaults_monster_row, grunt_vaults_funnel,
          minmay_crypt_entry_simple_walls, nicolae_vaults_three_branches,
          hangedman_vaults_locks, v_misc_14, layout_vaults_omnibox,
          serial_shops, shop, shop
Vaults:3: hangedman_vaults_stream, nicolae_vaults_door_testing_chamber,
          v_misc_26, nicolae_vaults_what_the_h, v_pattern_3,
          nicolae_vaults_big_angled_halls, v_misc_15, vaults_dpeg_hooks,
          vaults_room_corners, layout_vaults_omnigrid, enter_trove_5
Vaults:4: nicolae_vaults_offset_grid_hallway_1, kb_rosetta,
          nicolae_vaults_doubleplus_tesselated, nicolae_vaults_diamond_2,
          v_misc_19, nicolae_vaults_storage_room_water,
          nicolae_vaults_wine_cellar, nicolae_vaults_tangram_2,
          vaults_mumra_minichess, nicolae_vaults_two_Ls, layout_vaults_big_room,
          serial_shops, shop, nicolae_shop_real_fake_doors
Vaults:5
Depths:1: layout_cave_pools, enter_ziggurat_c, abandoned_shop, serial_shops,
          nicolae_book_shop_shelving, nicolae_hell_entry_big_baal_hell,
          nicolae_shop_overcharged_wands, firewood_loft, uniq_asterion
Depths:2: gammafunk_sealed_library, layout_basic, minmay_misc_feat_room,
          grunt_pan_entry_in_and_out, hell_entry, serial_shops, shop,
          abyss_entry, item_on_display_a
Depths:3: minmay_the_grid_triangle_9x9_recursive_2_mashed
          [minmay_the_grid_triangle_9x9_prize_schism,
          minmay_the_grid_triangle_9x9_fully_insulated_deathbox,
          minmay_the_grid_triangle_9x9_empty,
          minmay_the_grid_triangle_9x9_stretched_checkered], layout_honeycomb,
          pf_coc_iceberg, abyss_entry, nicolae_uskayaw_dance_hall
Depths:4: grunt_zot_entry_tricorne, layout_gridlike, grunt_gozag_statues,
          abyss_entry_small_statue_room, hell_entry, grunt_pan_entry_spiral,
          serial_bayou_crossing
Zot:1:    layout_cathedral_of_symmetry
Zot:2:    layout_gridlike
Zot:3:    layout_onion, st_large_dragon_hoard_1
Zot:4:    layout_cellular_growth
Zot:5:    layout_misc_corridors, grunt_ministairs_1

Skill      XL: |  1  2  3  4  5  6  7  8  9 10 11 12 13 14 15 16 17 18 19 20 21 22 23 24 25 |
---------------+----------------------------------------------------------------------------+-----
Axes           | 3 4 5 6 7 9 11 13 15 17 18 20 | 20.5
Fighting       | 4 6 7 9 11 12 14 16 17 18 19 20 21 23 | 23.8
Shields        | 4 5 8 9 12 14 16 18 19 20 | 20.0
Invocations    | 3 5 7 9 11 13 14 16 17 18 19 20 21 22 23 24 27 | 27.0
Armour         | 9 12 15 17 18 20 21 | 21.5
Throwing       | 11 14 15 | 15.7

Action                     |  1- 3 |  4- 6 |  7- 9 | 10-12 | 13-15 | 16-18 | 19-21 | 22-24 | 25-27 || total
---------------------------+-------+-------+-------+-------+-------+-------+-------+-------+-------++-------
  Melee: War axe           |    64 |   137 |   107 |       |       |       |       |       |       ||   308
         Broad axe         |       |       |    82 |   320 |   699 |   797 |   787 |   832 |   295 ||  3812
  Throw: Javelin           |       |       |       |       |       |     2 |       |    20 |     2 ||    24
 Invoke: Heroism           |       |       |       |     3 |     5 |     2 |     3 |     3 |     5 ||    21
         Finesse           |       |       |       |       |     2 |       |       |       |       ||     2
         Duel              |       |       |       |       |       |       |     1 |       |     1 ||     2
  Evoke: Wand              |       |       |       |     1 |       |     3 |       |       |       ||     4
    Use: Potion            |       |       |     3 |       |       |       |     6 |     2 |     8 ||    19
         Scroll            |       |       |       |     6 |    11 |     4 |    11 |    13 |     5 ||    50
   Stab: Distracted        |       |       |       |       |       |     1 |       |     1 |       ||     2
 Armour: Scale mail        |    33 |     2 |       |       |       |       |       |       |       ||    35
         Plate armour      |       |    73 |    87 |   124 |   176 |   573 |   571 |   242 |       ||  1846
         Chain mail        |       |       |       |    34 |   155 |       |       |       |       ||   189
         Gold dragon scale |       |       |       |       |       |       |       |   207 |   210 ||   417
  Dodge: Dodged            |    35 |    40 |    40 |    67 |   193 |   246 |   222 |   194 |    78 ||  1115
         Repelled          |       |       |       |       |     2 |    20 |     5 |    14 |    16 ||    57
  Block: Buckler           |    12 |    28 |    37 |    58 |    83 |       |       |       |       ||   218
         Tower shield      |       |       |       |       |   125 |   291 |       |       |       ||   416
         Kite shield       |       |       |       |       |    17 |   218 |   539 |   694 |   314 ||  1782
         Reflection        |       |       |       |       |       |       |     2 |     9 |     4 ||    15

Table legend: (Time is in decaauts)
 A = Elapsed time spent in this place.
 B = Non-inter-level travel time spent in this place.
 C = Inter-level travel time spent in this place.
 D = Time resting spent in this place.
 E = Time spent auto-exploring this place.
 F = Levels seen in this place.
 G = Mean time per level.
                   A        B        C        D        E       F      G
               +--------+--------+--------+--------+--------+-----+--------+
         Total |  41468 |  38874 |   2594 |   1272 |  24026 |  48 |  863.9 |
       Dungeon |  14322 |  13301 |   1021 |    460 |   9594 |  15 |  954.8 |
        Temple |     13 |     13 |      0 |      0 |      0 |   1 |   13.0 |
          Lair |   5385 |   4908 |    477 |    175 |   3515 |   5 | 1077.0 |
         Swamp |   2035 |   1946 |     89 |    112 |    912 |   4 |  508.8 |
     Snake Pit |   1871 |   1763 |    108 |     56 |    908 |   4 |  467.8 |
  Orcish Mines |   1167 |   1107 |     60 |    110 |    585 |   2 |  583.5 |
        Vaults |   7606 |   7075 |    531 |    187 |   3699 |   5 | 1521.2 |
        Depths |   4087 |   3930 |    157 |     29 |   2280 |   4 | 1021.8 |
           Zot |   4671 |   4521 |    150 |    143 |   2532 |   5 |  934.2 |
         Trove |    177 |    177 |      0 |      0 |      0 |   1 |  177.0 |
         Arena |    130 |    130 |      0 |      0 |      0 |   2 |   65.0 |
               +--------+--------+--------+--------+--------+-----+--------+

Top non-repeatable levels by time:
Vaults:5: 1957 daAuts
Vaults:3: 1691 daAuts
 Snake:4: 1571 daAuts
Vaults:4: 1405 daAuts
Vaults:1: 1389 daAuts
    D:12: 1291 daAuts
  Lair:2: 1249 daAuts
   Zot:1: 1241 daAuts
Depths:4: 1233 daAuts
     D:3: 1232 daAuts
  Lair:3: 1176 daAuts
Vaults:2: 1163 daAuts
Depths:3: 1139 daAuts
     D:8: 1101 daAuts
     D:6: 1068 daAuts
